 Seeded DCSS version 0.29.1-15-g9cfb28693d (webtiles) character file.

Game seed: 8515177902725472229 (custom seed)

61 bmack86 the Trooper (level 3, -3/33 HPs)
             Began as a Minotaur Fighter on Apr 22, 2023.
             Slain by a gnoll
             ... wielding a +0 halberd
              (5 damage)
             ... on level 2 of the Dungeon.
             The game lasted 00:02:02 (1240 turns).

bmack86 the Trooper (Minotaur Fighter)              Turns: 1240, Time: 00:02:03

Health: -3/33      AC:  7    Str: 22    XL:     3   Next: 83%
Magic:  2/2        EV:  9    Int:  5    God:
Gold:   56         SH:  4    Dex:  9    Spells: 2/2 levels left

rFire   . . .      SeeInvis .   a - +0 war axe
rCold   . . .      Faith    .   c - +0 buckler
rNeg    . . .      Spirit   .   b - +0 scale mail
rPois   .          Reflect  .   l - +0 hat
rElec   .          Harm     .   (no cloak)
rCorr   .          Rampage  .   (no gloves)
Will    .....                   (no boots)
Stlth   ..........              o - amulet of the acrobat
HPRegen 0.11/turn               (no ring)
MPRegen 0.08/turn               (no ring)

@: no status effects
A: horns 2, retaliatory headbutt
a: no special abilities


You were on level 2 of the Dungeon.
You visited 1 branch of the dungeon, and saw 2 of its levels.

You collected 56 gold pieces.

Inventory:

Hand Weapons
 a - a +0 war axe (weapon)
 k - a +0 war axe
Armour
 b - a +0 scale mail (worn)
 c - a +0 buckler (worn)
 l - a +0 hat (worn)
Jewellery
 o - an amulet of the acrobat (around neck)
Scrolls
 f - a scroll of identify {unknown}
 g - a scroll of acquirement {unknown}
 m - 2 scrolls of blinking {unknown}
 p - a scroll of enchant weapon {unknown}
Potions
 d - 2 potions of might
 e - 3 potions of curing {unknown}
 h - a potion of attraction {unknown}
 i - a potion of flight {unknown}
 j - a potion of heal wounds {unknown}
 n - a potion of mutation {unknown}


   Skills:
 + Level 4.1 Fighting
 * Level 3.7 Axes
 + Level 4.1 Armour
 + Level 4.1 Shields


You had 2 spell levels left.
You didn't know any spells.
Your spell library contained the following spells:

 Spells                   Type           Power      Damage    Failure   Level
 Passage of Golubria      Tloc           0%         N/A       100%        4
 Silence                  Hex/Air        0%         N/A       100%        5
 Lehudib's Crystal Spear  Conj/Erth      0%         10d2      100%        8


Dungeon Overview and Level Annotations

Branches:
Dungeon (2/15)

Altars:
Xom

Shops:
D:2 *


Innate Abilities, Weirdness & Mutations

You have a pair of horns on your head.
You reflexively headbutt those who attack you in melee.


Message History

The gnoll is moderately wounded.
The gnoll hits you but does no damage.
You slash the gnoll!
The gnoll is almost dead.
The gnoll barely misses you. x2; The gnoll hits you but does no damage. x2
You slash the gnoll!
You kill the gnoll!
You block the gnoll's attack. The gnoll misses you. You furiously retaliate!
You headbutt the gnoll!
You kill the gnoll!
The gnoll throws a throwing net.
The throwing net closely misses you.
Things that are here:
a +0 whip; a +0 quarterstaff; a gnoll corpse The gnoll misses you. x2; You furiously retaliate!
You headbutt the gnoll.
Things that are here:
a +0 spear; a gnoll corpse You hit the gnoll.
The gnoll is heavily wounded.
You block the gnoll's attack. The gnoll hits you with a +0 spear.
The gnoll closely misses you.
The gnoll hits you from afar with a +0 halberd!
You closely miss the gnoll.
The gnoll is heavily wounded.
You block the gnoll's attack. The gnoll hits you with a +0 spear.
You hit the gnoll but do no damage.
The gnoll is heavily wounded.
The gnoll barely misses you. x2
You slash the gnoll!
You kill the gnoll!
You block the gnoll's attack. The gnoll barely misses you.
The gnoll barely misses you.
Things that are here:
a +0 spear; a throwing net You barely miss the gnoll.
Your headbutt misses the gnoll. The gnoll hits you with a +0 halberd!
* * * LOW HITPOINT WARNING * * *
You hit the gnoll. You headbutt the gnoll.
The gnoll is heavily wounded.
The gnoll hits you with a +0 halberd.
You die...

.########
......?g#
#@# #)#
#)# #.#
#.# .#
#.# .#
#.# ##.
#(# #..
#(#


You could see a gnoll.

Vanquished Creatures
  3 gnolls (D:2)
  2 dart slugs (D:1)
  A ball python (D:2)
  4 bats (D:1)
  An endoplasm (D:1)
  2 giant cockroaches (D:1)
  2 goblins
  3 hobgoblins
  3 jackals (D:2)
  4 frilled lizards
  A kobold (D:1)
  2 rats (D:1)
28 creatures vanquished.

Notes
Turn   | Place    | Note
-------+----------+-------------------------------------------
     0 | D:1      | bmack86 the Minotaur Fighter began the quest for the Orb.
     0 | D:1      | Reached XP level 1. HP: 19/19 MP: 0/0
   350 | D:1      | Reached XP level 2. HP: 27/27 MP: 1/1
  1093 | D:2      | Found Vuamm's General Store.
  1117 | D:2      | Found a shimmering altar of Xom.
  1132 | D:2      | Reached XP level 3. HP: 25/33 MP: 2/2
  1240 | D:2      | Slain by a gnoll

Illustrated notes

Levels and vault maps discovered:
D:1:      sevenhm_arrival_forest_fort_large_4, layout_basic,
          nrook_loot_triangle, minmay_lizard_pond
D:2:      layout_loops_ring, basic_altar, serial_shops,
          nicolae_shop_temple_entry_statues_fountains

Skill      XL: |  1  2 |
---------------+-------+-----
Axes           | 3 |  3.7
Armour         | 4 |  4.1
Fighting       | 4 |  4.1
Shields        | 4 |  4.1

Action                   || total
-------------------------++-------
Melee: War axe           ||    65
       Headbutt          ||     4
Armor: Scale mail        ||    56
Dodge: Dodged            ||    48
Block: Buckler           ||    19
